 Dungeon Sprint DCSS version 0.22-a0-565-gfc6459a (webtiles) character file.

20969 George the Grappler (level 12, 0/132 (133) HPs)
             Began as a Troll Monk on June 28, 2018.
             Was the Champion of Cheibriados.
             Succumbed to a death drake's dark miasma
             ... in the Dungeon (Sprint IX: "|||||||||||||||||||||||||||||").
             The game lasted 00:11:35 (1489 turns).

George the Grappler (Troll Monk)                    Turns: 1489, Time: 00:11:37

HP:   0/132 (133)   AC: 21    Str: 41    XL:     12   Next: 50%
MP:   20/20         EV: 20    Int: 24    God:    Cheibriados [******]
Gold: 530           SH: 16    Dex: 34    Spells: 11/11 levels left

rFire    + + .     SeeInvis .     - Unarmed
rCold    + . .     Gourm    +   p - +2 shield of Resistance {rF+ rC+ MR+}
rNeg     . . .     Faith    .   o - +0 shadow dragon scales
rPois    .         Spirit   .   x - +2 hat
rElec    .         Reflect  .   j - +0 cloak
rCorr    .         Harm     .   (gloves unavailable)
MR       +....     NoTele   +   (boots unavailable)
Stlth    +++++.....             (no amulet)
HPRegen  0.00/turn              B - ring of protection from fire
MPRegen  0.17/turn              e - ring of Wekic {+Fly Int+3 Dex+7 Slay+3}

@: lethally poisoned (0 -> -23), non-regenerating, badly diseased, slowed, very
slow
A: large, unfitting armour, claws 3, fast metabolism 3, gourmand, regeneration
1, shaggy fur 1, tough skin 2
a: Bend Time, Temporal Distortion, Slouch, Step From Time, Renounce Religion,
Evoke Flight


You were in the Dungeon.
You worshipped Cheibriados.
Cheibriados was exalted by your worship.
You were very full.

You visited 1 branch You collected 1860 gold pieces.
You spent 1330 gold pieces at shops.

Inventory:

Hand Weapons
 i - a +0 giant spiked club
 y - a +0 blowgun
Missiles
 g - 16 poisoned needles
 w - 5 curare-tipped needles
Armour
 j - a +0 cloak (worn)
 o - +0 shadow dragon scales (worn)
 p - the +2 shield of Resistance (worn) {rF+ rC+ MR+}
   (You bought it in a shop in the Dungeon)

   It protects you from fire.
   It protects you from cold.
   It affects your resistance to hostile enchantments.
 x - a +2 hat (worn)
 D - +0 storm dragon scales
Magical Staves
 n - an uncursed staff of energy
Jewellery
 e - the ring of Wekic (right claw) {+Fly Int+3 Dex+7 Slay+3}
   (You bought it in a shop in the Dungeon)

   [ring of flight]

   It affects your intelligence (+3).
   It affects your dexterity (+7).
   It affects your accuracy and damage with ranged weapons and melee attacks
   (+3).
   It lets you fly.
 z - an uncursed ring of ice
 A - an uncursed ring of see invisible
 B - a ring of protection from fire (left claw)
 C - an uncursed ring of protection from magic
Wands
 m - a wand of acid (10)
Scrolls
 h - 4 scrolls of blinking
 k - 3 scrolls of remove curse
 l - 2 scrolls of amnesia
 s - a scroll of identify
 t - a scroll of fear
 u - 2 scrolls of enchant armour
 v - 6 scrolls of enchant weapon
 F - a scroll of fog
Potions
 a - a potion of mutation
 c - 4 potions of curing
 d - 11 potions of heal wounds
 f - 4 potions of magic
 r - a potion of ambrosia
 E - a potion of brilliance
Comestibles
 b - 13 rations


   Skills:
 + Level 12.8 Fighting
 + Level 10.6 Armour
 + Level 12.8 Dodging
 - Level 3.4 Stealth
 + Level 4.9 Shields
 + Level 14.9 Unarmed Combat
 + Level 12.8 Invocations


You had 11 spell levels left.
You didn't know any spells.
Your spell library was empty.

Dungeon Overview and Level Annotations

Branches:
Dungeon (1/1)

Altars:
Cheibriados
Dithmenos
Elyvilon
Fedhas
Gozag
Hepliaklqana
Kikubaaqudgha
Makhleb
Nemelex Xobeh
Okawaru
Qazlal
Ru
Sif Muna
Trog
Uskayaw
Vehumet
Wu Jian
Xom
Yredelemnul
Zin
The Shining One
Beogh
Jiyva
Lugonu

Shops:
D [*[(


Innate Abilities, Weirdness & Mutations

You are too large for most types of armour.
You have claws for hands.
Your metabolism is lightning-fast.
You like to eat raw meat.
Your natural rate of healing is unusually fast.
You are covered in fur. (AC +1)
You have very tough skin. (AC +2)


Message History

The death drake completely misses you.
You eviscerate the death drake!!!
The death drake is heavily wounded.
You are engulfed in dark miasma.
You are more poisoned.
You feel your flesh rotting away!
You feel yourself slow down.
* * * LOW HITPOINT WARNING * * *
You feel sick.
The death drake bites you but does no damage.
You feel better.
You are engulfed in dark miasma.
You are poisoned.
You feel your flesh rotting away!
* * * LOW HITPOINT WARNING * * *
You feel very sick. You block the death drake's attack.
The death drake misses you.
You feel better.
You are engulfed in dark miasma.
You are poisoned.
You feel your flesh rotting away!
You feel ill.
You feel as though you will be slow longer.
* * * LOW HITPOINT WARNING * * *
You die...

▓.▓.▓[▓.▓.▓.▓
▓.▓.▓.▓.▓.▓.▓.▓
▓.▓.▓.▓.▓.▓.▓.▓
▓.▓.▓'▓.▓.▓.▓.▓
▓.▓.▓.▓†▓.▓.▓.▓
▓÷▓.▓(▓.▓∩▓.▓.▓
▓'▓.▓.▓!▓)▓.▓.▓
▓.▓.▓)▓.▓∩▓.▓k▓
▓.▓.▓.▓.▓)▓.▓@▓
▓[▓.▓.▓.▓∩▓.▓[▓
▓[▓.▓.▓.▓.▓.▓(▓
▓[▓.▓.▓.▓∩▓.▓(▓
▓)▓.▓.▓.▓.▓.▓(▓
▓.▓.▓.▓.▓)▓.▓(▓
▓.▓.▓.▓.▓)▓.▓)▓
▓.▓.▓.▓.▓)▓.▓)▓
▓'▓.▓'▓.▓)▓.▓§▓


You could see a death drake shaped shifter.

Vanquished Creatures
  Gastronok (D)
  A stone giant (D)
  A spark wasp (D)
  A fire dragon (D)
  A yaktaur captain (D)
  3 ogre magi (D)
  A hydra (D)
  2 centaur warriors (D)
  A deep troll shaman (D)
  4 two-headed ogres (D)
  Sonja (D)
  An unseen horror (D)
  A wizard (D)
  A lindwurm (D)
  A deep elf mage (D)
  2 ugly things (D)
  An orc sorcerer (D)
  A black mamba (D)
  2 rime drakes (D)
  5 tyrant leeches (D)
  3 hippogriffs (D)
  A wraith (D)
  2 yaks (D)
  2 acid dragons (D)
  2 porcupines (D)
  3 water moccasins (D)
  A water moccasin (shapeshifter) (D)
  8 orc warriors (D)
  2 phantoms (D)
  8 ogres (D)
  3 crocodiles (D)
  2 bullfrogs (D)
  A crimson imp (D)
  3 orc priests (D)
  A gnoll shaman (D)
  An iguana (D)
  2 orc wizards (D)
  A worker ant (D)
  2 adders (D)
  A shadow imp (D)
  An adder zombie (D)
  2 worms (D)
  11 orcs (D)
  2 goblins (D)
  A hobgoblin (D)
  A kobold (D)
  A bat (D)
  A leopard gecko zombie (D)
  A quokka zombie (D)
102 creatures vanquished.

Notes
Turn   | Place    | Note
-------+----------+-------------------------------------------
     0 | D        | George the Troll Monk began the quest for the Orb.
     0 | D        | Reached XP level 1. HP: 22/22 MP: 0/0
    26 | D        | Noticed a crimson imp
    26 | D        | Noticed an ogre
    26 | D        | Noticed a gnoll shaman
    36 | D        | Killed a gnoll shaman
    36 | D        | Reached skill level 4 in Unarmed Combat
    36 | D        | Reached XP level 2. HP: 17/31 MP: 1/1
    36 | D        | Reached XP level 3. HP: 20/37 MP: 2/2
    41 | D        | Killed an ogre
    41 | D        | Reached skill level 5 in Unarmed Combat
    41 | D        | Reached XP level 4. HP: 30/49 MP: 3/3
    52 | D        | Reached skill level 5 in Fighting
    52 | D        | Reached skill level 5 in Dodging
    52 | D        | Reached skill level 6 in Unarmed Combat
    52 | D        | Reached XP level 5. HP: 39/57 MP: 4/4
    96 | D        | Found a roughly hewn altar of Beogh.
    96 | D        | Found a snail-covered altar of Cheibriados.
    96 | D        | Found a shadowy altar of Dithmenos.
    96 | D        | Found a white marble altar of Elyvilon.
    96 | D        | Found a blossoming altar of Fedhas.
    96 | D        | Found an opulent altar of Gozag.
    97 | D        | Found a hazy altar of Hepliaklqana.
    98 | D        | Found a viscous altar of Jiyva.
    99 | D        | Found an ancient bone altar of Kikubaaqudgha.
   100 | D        | Became a worshipper of Cheibriados the Contemplative
   100 | D        | Reached * piety under Cheibriados
   100 | D        | Reached ** piety under Cheibriados
   101 | D        | Found a corrupted altar of Lugonu.
   102 | D        | Found a burning altar of Makhleb.
   103 | D        | Found a sparkling altar of Nemelex Xobeh.
   104 | D        | Found an iron altar of Okawaru.
   105 | D        | Found a stormy altar of Qazlal.
   106 | D        | Found a sacrificial altar of Ru.
   107 | D        | Found a deep blue altar of Sif Muna.
   108 | D        | Found a bloodstained altar of Trog.
   109 | D        | Found a hide-covered altar of Uskayaw.
   110 | D        | Found a radiant altar of Vehumet.
   111 | D        | Found an ornate altar of the Wu Jian Council.
   112 | D        | Found a shimmering altar of Xom.
   113 | D        | Found a basalt altar of Yredelemnul.
   114 | D        | Found a glowing silver altar of Zin.
   115 | D        | Found a glowing golden altar of the Shining One.
   142 | D        | Noticed a phantom
   142 | D        | Noticed a hippogriff
   148 | D        | Killed a hippogriff
   148 | D        | Reached skill level 7 in Unarmed Combat
   148 | D        | Reached XP level 6. HP: 42/67 MP: 4/7
   162 | D        | Reached *** piety under Cheibriados
   174 | D        | Reached skill level 8 in Unarmed Combat
   238 | D        | Noticed a wraith
   238 | D        | Noticed an acid dragon
   240 | D        | Killed an acid dragon
   240 | D        | Reached skill level 5 in Invocations
   240 | D        | Reached XP level 7. HP: 78/78 MP: 9/9
   242 | D        | Reached **** piety under Cheibriados
   248 | D        | Killed a wraith
   251 | D        | Reached skill level 9 in Unarmed Combat
   255 | D        | Reached ***** piety under Cheibriados
   385 | D        | Noticed a yak
   386 | D        | Reached XP level 8. HP: 88/88 MP: 11/11
   390 | D        | Reached skill level 1 in Armour
   392 | D        | Noticed a hippogriff
   394 | D        | Reached ****** piety under Cheibriados
   399 | D        | Reached skill level 10 in Unarmed Combat
   406 | D        | Killed a hippogriff
   462 | D        | Noticed a hippogriff
   462 | D        | Noticed a rime drake
   462 | D        | Noticed a four-headed hydra
   462 | D        | Noticed a rime drake
   474 | D        | Killed a four-headed hydra
   474 | D        | Reached XP level 9. HP: 25/98 MP: 12/14
   476 | D        | Killed a rime drake
   479 | D        | Noticed a black mamba
   482 | D        | Killed a rime drake
   482 | D        | Reached skill level 5 in Armour
   482 | D        | Reached skill level 11 in Unarmed Combat
   493 | D        | Killed a black mamba
   596 | D        | Noticed a lindwurm
   596 | D        | Noticed a tyrant leech
   596 | D        | Noticed a tyrant leech
   596 | D        | Noticed a tyrant leech
   596 | D        | Noticed a tyrant leech
   598 | D        | Killed a tyrant leech
   598 | D        | Reached XP level 10. HP: 98/110 MP: 15/15
   603 | D        | Reached skill level 10 in Fighting
   609 | D        | Reached skill level 10 in Dodging
   619 | D        | Killed a lindwurm
   619 | D        | Reached skill level 12 in Unarmed Combat
   743 | D        | Noticed Gastronok
   754 | D        | Killed Gastronok
   754 | D        | Reached skill level 10 in Invocations
   951 | D        | Noticed an orc sorcerer
   955 | D        | Killed an orc sorcerer
   963 | D        | Reached XP level 11. HP: 112/120 MP: 17/17
  1007 | D        | Found Fuoniho's Antique Weapon Boutique.
  1007 | D        | Noticed a two-headed ogre
  1007 | D        | Noticed an ogre mage
  1007 | D        | Noticed an ogre mage
  1010 | D        | Killed an ogre mage
  1010 | D        | Reached skill level 13 in Unarmed Combat
  1011 | D        | Found Onied's Antique Armour Shop.
  1011 | D        | Noticed an ogre mage
  1014 | D        | Killed an ogre mage
  1016 | D        | Killed a two-headed ogre
  1021 | D        | Killed an ogre mage
  1023 | D        | Found Beomn's General Store.
  1028 | D        | Found Ofruak's Armour Shop.
  1041 | D        | Noticed a two-headed ogre
  1042 | D        | Noticed a two-headed ogre
  1044 | D        | Noticed a two-headed ogre
  1049 | D        | Killed a two-headed ogre
  1051 | D        | Killed a two-headed ogre
  1064 | D        | Killed a two-headed ogre
  1091 | D        | Bought the ring of Wekic {+Fly Int+3 Dex+7 Slay+3} for 755 gold pieces
  1096 | D        | Bought the +2 shield of Resistance {rF+ rC+ MR+} for 575 gold pieces
  1096 | D        | Found the +2 shield of Resistance {rF+ rC+ MR+}
  1157 | D        | Noticed Sonja
  1167 | D        | Killed Sonja
  1167 | D        | Reached skill level 1 in Shields
  1167 | D        | Reached skill level 14 in Unarmed Combat
  1413 | D        | Noticed a centaur warrior
  1413 | D        | Noticed a brown ugly thing
  1413 | D        | Noticed a deep elf mage
  1413 | D        | Noticed a wizard
  1414 | D        | Noticed a centaur warrior
  1418 | D        | Noticed an unseen horror
  1419 | D        | Killed an unseen horror
  1424 | D        | Killed a wizard
  1424 | D        | Noticed a purple ugly thing
  1425 | D        | Noticed a spark wasp
  1432 | D        | Killed a brown ugly thing
  1434 | D        | Killed a deep elf mage
  1437 | D        | Noticed a deep troll shaman
  1437 | D        | Noticed a stone giant
  1440 | D        | Killed a centaur warrior
  1440 | D        | Reached XP level 12. HP: 114/133 MP: 20/20
  1441 | D        | Noticed a yaktaur captain
  1444 | D        | Killed a centaur warrior
  1444 | D        | Reached skill level 10 in Armour
  1455 | D        | Killed a deep troll shaman
  1459 | D        | Noticed a fire dragon
  1461 | D        | Killed a spark wasp
  1467 | D        | Killed a stone giant
  1477 | D        | Killed a yaktaur captain
  1483 | D        | Killed a fire dragon
  1489 | D        | HP: 2/132 [death drake (shapeshifter)] (16)]
  1489 | D        | Succumbed to a death drake's dark miasma

Vault maps used:
D:        linesprint

Skill      XL: |  1  2  3  4  5  6  7  8  9 10 11 12 |
---------------+-------------------------------------+-----
Fighting       | 3 4 5 6 7 9 11 12 | 12.8
Dodging        | 3 4 5 6 7 9 11 12 | 12.8
Stealth        | 2 3 |  3.4
Unarmed Combat | 4 5 6 7 8 9 10 11 12 14 | 14.9
Invocations    | 3 5 6 8 9 10 12 | 12.8
Armour         | 4 5 7 9 10 | 10.6
Shields        | 2 4 |  4.9

Action                   |  1- 3 |  4- 6 |  7- 9 | 10-12 || total
-------------------------+-------+-------+-------+-------++-------
Melee: Unarmed           |    25 |    34 |    52 |   168 ||   279
       Punch             |       |     1 |     8 |    11 ||    20
       Giant spiked club |       |       |     7 |       ||     7
Invok: Slouch            |       |       |       |     1 ||     1
  Use: Potion            |     1 |       |     3 |     4 ||     8
 Stab: Sleeping          |       |     1 |       |     1 ||     2
       Invisible         |       |       |     8 |       ||     8
  Eat: Chunk             |     2 |     5 |     2 |     4 ||    13
Armor: Robe              |     6 |     5 |     1 |       ||    12
       Acid dragon scale |       |       |    17 |    10 ||    27
       Shadow dragon sca |       |       |       |    16 ||    16
Dodge: Dodged            |     8 |    13 |    63 |    90 ||   174
Block: Shield            |       |       |       |    40 ||    40

Table legend:
 A = Spawn XP
 B = Non-spawn XP
 C = Spawn XP percentage of total XP
 D = Spawn monster count
 E = Non-spawn monster count
 F = Spawn count percentage of total count
 G = Total turns spent on level
                    A         B        C        D         E        F      G
               +---------+---------+-------+---------+---------+-------+---------
         Total |       0 |   29956 |   0.0 |       0 |     102 |   0.0 |  1489
               +---------+---------+-------+---------+---------+-------+---------
             D |       0 |   29956 |   0.0 |       0 |     102 |   0.0 |  1489
               +---------+---------+-------+---------+---------+-------+---------
